Cogmind - Beta 13 @@@ ROGUE MODE // 2024.04.09 @ 16:11:03 Player: Rocketboy Result: Destroyed by Y-45 Defender with Heavy Assault Rifle Performance ------------- Evolutions (1) 500 Regions Visited (3) 600 Robots Destroyed (22) 110 Value Destroyed (359) 359 Prototype IDs (3) 60 Alien Tech Used (0) 0 Bonus (0) 0 TOTAL SCORE: 1629 Bonus ------- None Cogmind --------- Core Integrity 0/400 Matter 300/300 Energy 7/125 System Corruption 0% Temperature Warm (192) Movement Flying (34) Location -9/Storage Parts ------- > --- POWER (1) -------- Light Ion Engine > --- PROPULSION (4) --- Flight Unit Flight Unit Flight Unit > --- UTILITY (2) ------ Small Storage Unit Weight Redist. System > --- WEAPON (2) ------- Improved EM Shotgun Advanced Beam Cannon > --- INVENTORY (8) ---- Ion Engine Light Ion Engine Flight Unit Heat Sink Improved EM Shotgun Improved EM Shotgun Advanced Beam Cannon Advanced Beam Cannon Peak State ------------ > --- POWER ------------ Light Ion Engine > --- PROPULSION ------- Flight Unit Flight Unit Flight Unit Flight Unit > --- UTILITY ---------- Small Storage Unit Weight Redist. System > --- WEAPON ----------- Improved EM Shotgun Advanced Beam Cannon > --- INVENTORY -------- Ion Engine Light Ion Engine Flight Unit Heat Sink Improved EM Shotgun Advanced Beam Cannon [Rating: 15] Favorites ----------- Power Ion Engine Engine Ion Engine Propulsion Aluminum Leg Leg Aluminum Leg Hover Unit Hover Unit Flight Unit Flight Unit Utility Improved Terrain Scanner Device Improved Terrain Scanner Storage Small Storage Unit Weapon Medium Laser Energy Gun Medium Laser Energy Cannon Advanced Beam Cannon Ballistic Gun Heavy Assault Rifle Build | -11 -10 -9 -9 ------- Run | Yrd Mat Mat Sto Slots Evolved 2 | . . 2 . Power . | . . . . Propulsion 2 | . . 2 . Utility . | . . . . Weapon . | . . . . Parts Attached 31 | 7 1 15 8 Power 3 | 1 . 2 . Engine 3 | 1 . 2 . Core . | . . . . Reactor . | . . . . Propulsion 14 | 2 . 7 5 Treads . | . . . . Leg 3 | 2 . 1 . Wheel . | . . . . Hover 1 | . . 1 . Flight 10 | . . 5 5 Utility 6 | 2 1 2 1 Device 4 | 1 1 2 . Storage 2 | 1 . . 1 Processor . | . . . . Hackware . | . . . . Protection . | . . . . Artifact . | . . . . Weapon 8 | 2 . 4 2 Energy Gun 4 | 2 . 1 1 Energy Cannon 1 | . . . 1 Ballistic Gun 3 | . . 3 . Ballistic Cannon . | . . . . Launcher . | . . . . Special Weapon . | . . . . Impact Weapon . | . . . . Slashing Weapon . | . . . . Piercing Weapon . | . . . . Special Melee Weapon . | . . . . Unidentified Prototypes 3 | . . 1 2 Parts Lost 10 | . . 9 1 Power 1 | . . 1 . Propulsion 6 | . . 5 1 Utility 2 | . . 2 . Weapon 1 | . . 1 . Highest Loss Streak 8 | . . 8 1 To Critical Strikes . | . . . . Average Slot Usage (%) 85 | . 100 80 78 Engine 10 | . 14 9 11 Leg 16 | . 28 17 . Hover 2 | . . 4 . Flight 9 | . . 10 22 Device 18 | . 25 18 11 Storage 2 | . 2 . 10 Energy Gun 19 | . 28 18 11 Energy Cannon 2 | . . . 11 Ballistic Gun 1 | . . 3 . Naked Turns . | . . . . Heaviest Build 15 | 15 15 11 15 Greatest Support 30 | 20 20 30 22 Greatest Overweight (x) 1 | . . . 1 Average Overweight (x) . | . . . . Largest Inventory Capacity 8 | 8 8 5 8 Average Capacity 5 | 7 5 5 7 Most Carried 8 | 2 3 5 8 Average Carried 3 | 1 2 3 7 Final Capacity 8 | 8 5 5 8 Final Carried 8 | 2 3 5 8 Class Distribution -------------------- 80% | Mutant 10% | Scavenger-Mutant 8% | Scavenger-Sprinter Dominant Class ---------------- Mutant | -10/Materials Mutant | -9/Materials Mutant | -9/Storage Resources | -11 -10 -9 -9 ----------- Run | Yrd Mat Mat Sto Matter Collected 519 | 270 10 159 80 Remotely . | . . . . Salvage Created 708 | 121 33 287 267 Parts 45 | 7 . 21 17 Haulers Intercepted 1 | . . . 1 Recyclers Shooed 1 | 1 . . . Parts Field Recycled . | . . . . Retrieved Matter . | . . . . Parts Self-Destructed . | . . . . Prevented . | . . . . Kills | -11 -10 -9 -9 ------- Run | Yrd Mat Mat Sto Combat Hostiles Destroyed 12 | . 1 10 1 Guns 9 | . 1 8 . Cannons 1 | . . . 1 Classes Destroyed 9 | 2 1 4 2 Worker 2 | . . 1 1 Builder 1 | . . . 1 Tunneler 2 | 2 . . . Hauler 1 | . . . 1 Recycler 2 | 1 . . 1 Watcher 2 | . . 1 1 Swarmer 7 | . . 7 . Grunt 3 | . 1 1 1 Sentry 2 | . . 2 . Best Kill Streak 8 | 2 1 8 4 Combat Bots Only 7 | . 1 7 1 Max Kills in Single Turn 1 | 1 1 1 1 Gunslinging . | . . . . Exploded . | . . . . Melee . | . . . . Uniques/NPCs Destroyed . | . . . . Combat | -11 -10 -9 -9 -------- Run | Yrd Mat Mat Sto Hostile Shots Fired 129 | . 10 99 20 Missed 30 | . 4 25 1 Damage Taken 1214 | . 66 954 194 Core 421 | . 11 373 37 Absorbed by Shields 41 | . . . 41 Core Remaining (%) 97 | 100 95 . . Volleys Fired 64 | 8 5 41 10 Largest 2 | 2 2 2 2 Hottest 113 | 100 100 100 113 Shots Fired 120 | 16 10 76 18 Gun 110 | 16 10 76 8 Cannon 10 | . . . 10 Launcher . | . . . . Special . | . . . . Kinetic 22 | . . 22 . Thermal 90 | 16 10 54 10 Explosive . | . . . . Electromagnetic 8 | . . . 8 Robot Hit Streak 13 | 8 7 13 5 Robot Miss Streak 6 | 1 1 6 3 Penetration Max . | . . . . Secondary Targets 5 | . . 5 . Max Gunslinging Chain 1 | . . 1 . Shots Hit Robots 78 | 14 8 46 10 Core Hits 28 | 4 2 15 7 Critical Kills . | . . . . Critical Parts Destroyed . | . . . . Critical Strikes 7 | 2 1 4 . Burn 7 | 2 1 4 . Melee Attacks . | . . . . Impact . | . . . . Slashing . | . . . . Piercing . | . . . . Sneak Attacks . | . . . . Combat Hostiles . | . . . . Follow-up Attacks . | . . . . Damage Inflicted 1024 | 178 99 558 189 Guns 923 | 178 99 558 88 Cannons 101 | . . . 101 Explosions . | . . . . Melee . | . . . . Ramming . | . . . . Kinetic 81 | . . 81 . Thermal 855 | 178 99 477 101 Explosive . | . . . . Electromagnetic 88 | . . . 88 Impact . | . . . . Slashing . | . . . . Piercing . | . . . . Highest Corruption 5 | . 5 . . Average Corruption 3 | . 3 . . Corruption Purged . | . . . . Corruption Blocked . | . . . . Overload Shots . | . . . . Overflow Damage . | . . . . Projectiles . | . . . . Explosions . | . . . . Melee . | . . . . Knockbacks . | . . . . Impact . | . . . . Kinetic . | . . . . Secondary . | . . . . Self-Inflicted Damage 123 | . . 123 . Shots 2 | . . 2 . Rammed . | . . . . Targets Rammed . | . . . . Kicked . | . . . . Crushed . | . . . . Highest Temperature 288 | 156 180 288 210 Average Temperature 109 | 79 81 141 67 Received Heat Transfer 337 | . 36 204 97 Effects 4 | . . 4 . Energy Bleed 1 | . . 1 . Interference 3 | . . 3 . Siege Activations . | . . . . Robots Corrupted . | . . . . Combat Hostiles . | . . . . Parts Fried . | . . . . Impact Corruptions . | . . . . Robots Melted 2 | . . 2 . Combat Hostiles 2 | . . 2 . Parts Melted 7 | 3 1 3 . Heat Transferred 2849 | 666 370 1628 185 Parts Sabotaged . | . . . . Parts Stolen . | . . . . Parts Stripped . | . . . . Power Chain Reactions . | . . . . Alert | -11 -10 -9 -9 ------- Run | Yrd Mat Mat Sto Peak Influence 406 | 15 72 406 203 Initial 99 | . 9 29 99 Average 132 | 5 34 214 133 Maximum Alert Level 2 | . . 2 1 Low Security (%) 73 | 100 100 44 96 Level 1 25 | . . 52 3 Level 2 1 | . . 2 . Level 3 . | . . . . Level 4 . | . . . . Level 5 . | . . . . High Security . | . . . . Max Security . | . . . . Squads Dispatched 5 | . 1 2 2 Investigation 1 | . 1 . . Extermination . | . . . . Reinforcement 4 | . . 2 2 Assault . | . . . . Garrison . | . . . . Intercept . | . . . . Searches Triggered . | . . . . Construction Impeded 1 | . . . 1 Haulers Reinforced . | . . . . Active Scanning Responses . | . . . . Cargo Convoy Interrupts . | . . . . Stealth | -11 -10 -9 -9 --------- Run | Yrd Mat Mat Sto Distress Signals 2 | . . . 2 Communications Jammed . | . . . . Distress Signals . | . . . . Times Spotted 28 | . 4 16 8 Peak Tracking Total 7 | . 2 7 6 Tactical Retreats 1 | . . . 1 Traps | -11 -10 -9 -9 ------- Run | Yrd Mat Mat Sto Traps Triggered 4 | . 3 . 1 Indirectly . | . . . . Trap Hack Attempts . | . . . . Triggered . | . . . . Disarmed . | . . . . Reprogrammed . | . . . . Reused . | . . . . Traps Extracted . | . . . . Installed . | . . . . Triggered . | . . . . Machines | -11 -10 -9 -9 ---------- Run | Yrd Mat Mat Sto Machines Disabled 3 | . . 3 . Max in Single Turn 3 | . . 3 . Machines Repaired . | . . . . Machines Dismantled . | . . . . Machines Sabotaged . | . . . . Overloaded Fab Kills . | . . . . Hacking | -11 -10 -9 -9 --------- Run | Yrd Mat Mat Sto Machines Accessed 10 | . 4 5 1 Terminals 10 | . 4 5 1 Fabricators . | . . . . Repair Stations . | . . . . Recycling Units . | . . . . Scanalyzers . | . . . . Garrison Access . | . . . . Total Hacks 34 | . 14 19 1 Successful 18 | . 6 11 1 Failed 16 | . 8 8 . Catastrophic 1 | . . 1 . Database Lockouts . | . . . . Manual 33 | . 14 19 . Terminals 34 | . 14 19 1 Fabricators . | . . . . Repair Stations . | . . . . Recycling Units . | . . . . Scanalyzers . | . . . . Garrison Access . | . . . . Terminal Hacks 3 | . 1 1 1 Open Door 1 | . . . 1 Terminal Index 2 | . 1 1 . Fabricator Hacks . | . . . . Repair Station Hacks . | . . . . Recycling Unit Hacks . | . . . . Scanalyzer . | . . . . Garrison Access Hacks . | . . . . Unauthorized Hacks 15 | . 5 10 . Terminals 15 | . 5 10 . Track 4 | . 1 3 . Botnet 7 | . 3 4 . Detonate 1 | . . 1 . Operators 3 | . 1 2 . Fabricators . | . . . . Repair Stations . | . . . . Recycling Units . | . . . . Scanalyzers . | . . . . Garrison Access . | . . . . Data Cores Recovered . | . . . . Used . | . . . . Hacking Detections 9 | . 4 5 . Full Trace Events 1 | . 1 . . Feedback Events . | . . . . Feedback Blocked . | . . . . Robot Schematics Acquired . | . . . . Robots Built . | . . . . Authchips . | . . . . Time . | . . . . Total Robot Build Rating . | . . . . Part Schematics Acquired . | . . . . Parts Built . | . . . . Authchips . | . . . . Time . | . . . . Total Part Build Rating . | . . . . Parts Repaired . | . . . . Time . | . . . . Parts Recycled . | . . . . Recycled Matter . | . . . . Retrieved Matter . | . . . . Retrieved Components . | . . . . Parts Scanalyzed . | . . . . Part Schematics Acquired . | . . . . Parts Damaged . | . . . . Bothacking | -11 -10 -9 -9 ------------ Run | Yrd Mat Mat Sto Used RIF Installer . | . . . . Robots Hacked . | . . . . Non-combat . | . . . . Combat . | . . . . Robot Hacks Applied . | . . . . Relay Couplers Released . | . . . . Fabnet Peak Effective % . | . . . . Robots Rewired . | . . . . Allies Hacked . | . . . . Hacks Repelled . | . . . . Allies | -11 -10 -9 -9 -------- Run | Yrd Mat Mat Sto Total Allies . | . . . . Largest Group . | . . . . Highest-Rated Group . | . . . . Highest-Rated Ally . | . . . . Total Orders . | . . . . Ally Attacks . | . . . . Total Damage . | . . . . Kills . | . . . . Allies Corrupted . | . . . . Allies Melted . | . . . . Intel | -11 -10 -9 -9 ------- Run | Yrd Mat Mat Sto Robot Analysis Total . | . . . . Derelict Logs Recovered . | . . . . Drone Launches . | . . . . Drone Recoveries . | . . . . Exploration | -11 -10 -9 -9 ------------- Run | Yrd Mat Mat Sto Turns Passed 914 | 111 216 432 155 Spaces Moved 657 | 65 166 311 115 Core 15 | 4 . 2 9 Treads . | . . . . Legs 417 | 61 166 190 . Wheels . | . . . . Hover . | . . . . Flight 225 | . . 119 106 Fastest Speed 31 | 50 120 31 31 Average Speed 89 | 115 120 85 44 Slowest Speed 120 | 120 120 120 120 Overloaded Moves . | . . . . Propulsion Burnouts . | . . . . Robots Hopped . | . . . . Cave-ins Triggered . | . . . . Exploration Rate (%) 22 | 5 42 29 15 Regions Visited 3 Branch Regions 1 Pre-discovered Areas . | . . . . Known Exits Taken . | . . . . Unknown Exits Taken 3 | 1 1 1 . Scrap Searched . | . . . . Spaces Dug . | . . . . Terrain Destroyed 47 | . . 47 . Melee . | . . . . Projectile . | . . . . AOE 47 | . . 47 . Terrain Rammed . | . . . . Walls Destroyed . | . . . . Machines Disabled . | . . . . Actions | -11 -10 -9 -9 --------- Run | Yrd Mat Mat Sto Total 855 | 81 172 399 203 Wait 72 | . . 23 49 Move 654 | 64 165 310 115 Hop . | . . . . Pick Up 12 | 2 1 4 5 Fast Attach 26 | 7 . 13 6 Attach 2 | . . 1 1 Detach 1 | . . 1 . Swap 3 | . 1 1 1 Drop 13 | . . 5 8 Fire 64 | 8 5 41 10 Melee . | . . . . Ram . | . . . . Kick . | . . . . Crush . | . . . . Escape Stasis 8 | . . . 8 Rewire . | . . . . Trap . | . . . . Miscellaneous . | . . . . Route ------- -11/Scrapyard -10/Materials -9/Materials -9/Storage History --------- Turn | Location | Event 3 | -11/Scrapyard | Discovered new exit (range 15) 112 | -11/Scrapyard | Entered Materials 279 | -10/Materials | Discovered new exit (range 15) 312 | -10/Materials | Build established: Mutant 328 | -10/Materials | Entered another Materials area 328 | -9/Materials | Evolved 2 slots: Propulsion x2 627 | -9/Materials | Core integrity fell below 50% 645 | -9/Materials | Core integrity fell below 20% 675 | -9/Materials | Lost 8 parts (1p4n2u1w) 676 | -9/Materials | Destroyed 7 combat bots 757 | -9/Materials | Discovered new exit (range 7) 760 | -9/Materials | Entered Storage 915 | -9/Storage | Destroyed by Y-45 Defender with Heavy Assault Rifle Last Messages --------------- Triggered Stasis Trap. A bubble of rippling energy engulfs the area. Field strength at 93. Field strength at 86. T-07 Excavator is excavating. Field strength at 79. Field strength at 72. U-05 Engineer lays Concrete. Field strength at 65. Field strength at 58. Field strength at 51. Field strength at 44. Field strength at 34. W-16 Scout destroyed. K-01 Serf destroyed. Critical hit (Burn: +27). Flight Unit destroyed. Stasis field depleted. ALERT: Construction progress impeded, dispatching reinforcements to local area. Map ----- +----------------------------------------------------+ | ?????????????????????????#] " + #????? | | ?????????????????????????######T## #????? | | ??????????????????????????????#### #????? | | ?????????????????????????????????# #????? | | ?????????????????????????????????# ^^#????? | | ?????????????????????????????????# #????? | | ????????????????????????????????## ##???? | | ??????????????????????########### #???? | | ??????????????????????# * #???? | | ??????????????????????# ![ #???? | | ??????????????????????# ![%[ #???? | | ??????????????????????# #######! #???? | | ??????????????????????# #?????#####+##??? | | ??????????????????????# #???????## =#??? | | ??????????????????????# #???????#T =#??? | | ??????????????????????# #???????## ! #??? | | ??????????????????????#!! #????????#! !#??? | | ???????????????########!! #????????#! !#??? | | ???????? =!!%=!!#????????#! !#??? | | ???????????????########g[ #????????#! !#??? | | ??????????????????????#Y* #????????#####??? | | ??????????????????????# #???????????????? | | ??????????????????????# #???????????????? | | ??????????????????????#u #???????????????? | | ??????????????????????# #???????????????? | | ??????????????????????# u@#???????????????? | | ???????????????????# +???????????????? | | ???????????????????## # #???????????????? | | ??????????????????????# #???????????????? | | ??????????????????????#b! #???????????????? | | ??????????????????????#%! #???????????????? | | ??????????????????????=% ???????????????? | | ?????????????????????? ???????????????? | | ????????????????????? Tg ???????????????? | | ????????????????????? ???????????????? | | ????????????????????## g #??????????????? | | ?????????????????????## #???????????????? | | ??????????????????????# ????????????????? | | ??????????????????????# ????????????????? | | ??????????????????????#?? ????????????????? | | ????????????????????????? ????????????????? | | ??????????????????????????????????????????? | | ??????????????????????????????????????????? | | ??????????????????????????????????????????? | | ??????????????????????????????????????????? | | ??????????????????????????????????????????? | | ??????????????????????????????????????????? | | ??????????????????????????????????????????? | | ??????????????????????????????????????????? | | ??????????????????????????????????????????? | +----------------------------------------------------+ Best States ------------- Heat Dissipation 38 Energy Generation 10 Energy Capacity 250 Matter Stores 300 Matter Capacity 300 Sight Range 16 Terrain Scan Range 16 Terrain Scan Density 10 Additional Mass Support 6 Evasion (%) 63 Item Schematics ----------------- None Robot Schematics ------------------ None Fabricated ------------ Nothing Alien Tech Used ----------------- None Achievements -------------- None Challenges ------------ None Game ------ Seed LinkedFlakPurifier Manual? 0 Play Time 00:16:18 Cumulative 27.2 hours Start 2024.04.09 @ 15:58:05 End 2024.04.09 @ 16:11:03 Sessions 1 Manual Loads 0 Difficulty Rogue Special Mode None Game No. 42 Rogue 42 Adventurer 0 Explorer 0 Win Type - Total 0 Types 0/0/0/0/0/0/0/0/0 Lore% 21 Gallery% 34 Achievement% 28 Wizard Run 0 Options --------- Layout 1 ASCII 0 Keyboard 0 Movement Mouse Keybinds 0 Fullscreen 1 Font 32/SmallcapsGlow Map View 50x35 Zoom Use 0% Tactical HUD 0 Map Filters NONE Filters NONE Steam 1 RUN: ac2efb4a-7f06-4bd8-9173-bf8050eccde7